 Dungeon Crawl Stone Soup version 0.20.0-10-g0535bb4 (webtiles) character file.

9935 MTVSty1e the Carver (level 11, -13/98 (99) HPs)
             Began as a Grey Draconian Gladiator on June 5, 2017.
             Was the Champion of Cheibriados.
             Mangled by torrenera's ghost (26 damage)
             ... on level 11 of the Dungeon.
             The game lasted 00:22:37 (8571 turns).

MTVSty1e the Carver (Grey Draconian Gladiator)      Turns: 8571, Time: 00:22:39

HP:   -13/98 (99)   AC: 15    Str: 45    XL:     11   Next: 29%
MP:   0/11          EV: 21    Int: 24    God:    Cheibriados [******]
Gold: 475           SH:  0    Dex: 27    Spells: 10/10 levels left

rFire    . . .     SeeInvis .   a - +1 long sword
rCold    . . .     Gourm    .   (no shield)
rNeg     . . .     Faith    .   (armour unavailable)
rPois    .         Spirit   +   b - +1 hat
rElec    .         Reflect  .   (no cloak)
rCorr    .         Harm     .   l - +0 pair of gloves
MR       .....     Clarity  +   B - +0 pair of boots
Stlth    ++........             e - amulet of guardian spirit
Regen    0.3/turn               i - +3 ring of strength
MPRegen  0.2/turn               (no ring)

@: mighty, very slightly contaminated, invisible, very slow
A: walk through water, unfitting armour, horns 1, stinger 1, clarity, strong 1,
unbreathing, cold-blooded, AC +12
a: Bend Time, Temporal Distortion, Slouch, Step From Time, Renounce Religion


You were on level 11 of the Dungeon.
You worshipped Cheibriados.
Cheibriados was exalted by your worship.
You were not hungry.

You visited 2 branches of the dungeon, and saw 12 of its levels.

You collected 475 gold pieces.

Inventory:

Hand Weapons
 a - a +1 long sword (weapon)
 K - a +0 hand axe of chopping
Missiles
 c - 5 throwing nets (quivered)
Armour
 b - a +1 hat (worn)
 l - a +0 pair of gloves (worn)
 B - a +0 pair of boots (worn)
Jewellery
 e - an amulet of guardian spirit (around neck)
 i - a +3 ring of strength (left hand)
 C - an uncursed amulet of harm
Wands
 w - a wand of confusion (27/48)
 y - a wand of flame (30/48)
 A - a wand of enslavement (9/24)
 F - a wand of polymorph (4/24)
 G - a wand of lightning (3/15)
Scrolls
 h - 2 scrolls of fog
 n - 2 scrolls of remove curse
 o - a scroll of enchant weapon
 q - 4 scrolls of teleportation
Potions
 j - 2 potions of cancellation
 m - 2 potions of lignification
 p - 7 potions of curing
 s - a potion of ambrosia {unknown}
 t - a potion of haste {unknown}
 v - 2 potions of berserk rage
 x - a potion of mutation {unknown}
 I - a potion of heal wounds {unknown}
Books
 r - a book of Minor Magic

   Spells                             Type                      Level
   a - Magic Dart                     Conjuration                  1
   b - Blink                          Translocation                2
   c - Call Imp                       Summoning                    2
   d - Slow                           Hexes                        2
   e - Conjure Flame                  Conjuration/Fire             3
   f - Mephitic Cloud                 Conjuration/Poison/Air       3
 E - a book of Misfortune

   Spells                             Type                      Level
   a - Confusing Touch                Hexes                        1
   b - Confuse                        Hexes                        3
   c - Gell's Gravitas                Translocation                3
   d - Petrify                        Transmutation/Earth          4
   e - Metabolic Englaciation         Hexes/Ice                    5
   f - Yara's Violent Unravelling     Hexes/Transmutation          5
Comestibles
 d - 8 bread rations
 f - 8 meat rations
 u - 3 royal jellies


   Skills:
 + Level 10.1 Fighting
 * Level 12.8 Long Blades
 - Level 1.7 Throwing
 + Level 8.3 Dodging


You had 10 spell levels left.
You didn't know any spells.

Dungeon Overview and Level Annotations

Branches:
Dungeon (11/15)            Temple (1/1) D:4             Orc (0/2) D:10
   Lair: D:8-11

Altars:
Ashenzari
Cheibriados
Elyvilon
Gozag
Hepliaklqana
Kikubaaqudgha
Nemelex Xobeh
Qazlal
Sif Muna
Trog
Uskayaw
Yredelemnul
Zin
The Shining One

Shops:
D:8 %

Annotations:
D:2 2 transporters, Menkaure
D:11 torrenera's ghost, journeyman DsMo


Innate Abilities, Weirdness & Mutations

You can walk through water.
Your dull iron-grey scales are very hard. (AC +12)
You cannot fit into any form of body armour.
You can survive without breathing.
You are cold-blooded and may be slowed by cold attacks.
You have a pair of small horns on your head.
Your tail ends in a poisonous barb.
You possess an exceptional clarity of mind.
Your muscles are strong. (Str +2)


Message History

Torrenera's ghost is heavily damaged.
Torrenera's ghost completely misses you.
You riposte.
You barely miss torrenera's ghost. You headbutt torrenera's ghost!!
Torrenera's ghost is severely damaged.
You strike the helpless torrenera's ghost from behind!
You hit torrenera's ghost. Your headbutt misses torrenera's ghost.
You tail-slap torrenera's ghost.
Torrenera's ghost is almost destroyed.
Torrenera's ghost misses you.
You riposte.
You strike the helpless torrenera's ghost from behind!
You slash torrenera's ghost! You tail-slap torrenera's ghost!
Torrenera's ghost is almost destroyed.
You catch the helpless torrenera's ghost completely off-guard!
You hit torrenera's ghost but do no damage.
Your headbutt misses torrenera's ghost.
Your tail-slap misses torrenera's ghost.
Torrenera's ghost is almost destroyed.
Torrenera's ghost hits you!!
You die...

........#..##...........##.......
..<.(#..#.............#......).).
.....#....###.........####.......
..#..#...## #.........# #.......
..#......# #.........# #.......
..#......# #.........# #.......
.........# #.........# #....... #
+####### ##.######## #..).<..
#..@.# ######## ####W## #..#
#####'###### #..........#
#..........# #..........#
#..........+ #..........#


You could see torrenera's ghost.

Vanquished Creatures
  3 two-headed ogres
  Pikel (D:8)
  A centaur zombie (D:11)
  Grinder (D:3)
  2 hippogriffs
  2 wraiths (D:10)
  4 yaks (D:10)
  2 hungry ghosts
  Duvessa (D:6)
  A water moccasin (D:7)
  4 orc warriors
  2 ice beasts
  5 phantoms
  2 sky beasts
  2 slaves (D:7)
  7 ogres
  A necrophage (D:9)
  3 centaurs
  A crocodile (D:10)
  Blork the orc (D:4)
  7 bullfrogs
  A wyvern skeleton (D:10)
  Dowan (D:6)
  A scorpion (D:6)
  12 killer bees
  3 wights (D:7)
  3 jellies
  A howler monkey (D:4)
  3 crimson imps
  2 bullfrog zombies
  5 hounds
  A centaur skeleton (D:5)
  11 orc priests
  Natasha (thrice) (D:3)
  14 orc wizards
  7 worker ants
  4 iguanas
  A hound zombie (D:10)
  3 worker ant zombies
  Robin (D:4)
  4 gnolls
  8 adders
  An ooze (D:3)
  3 adder skeletons
  2 dart slugs
  A worm (D:3)
  9 leopard geckos
  56 orcs
  5 bats
  4 giant cockroaches
  16 goblins
  13 hobgoblins
  17 jackals
  8 kobolds
  5 quokkas
  3 ball pythons
  7 frilled lizards
  A leopard gecko zombie (D:7)
  A quokka zombie (D:5)
  12 rats
306 creatures vanquished.

Notes
Turn   | Place    | Note
-------+----------+-------------------------------------------
     0 | D:1      | MTVSty1e the Draconian Gladiator began the quest for the Orb.
     0 | D:1      | Reached XP level 1. HP: 17/17 MP: 1/1
   334 | D:1      | Reached XP level 2. HP: 25/25 MP: 2/2
   754 | D:1      | Reached XP level 3. HP: 29/30 MP: 3/3
  1175 | D:2      | Reached skill level 4 in Long Blades
  1307 | D:2      | Found a snail-covered altar of Cheibriados.
  1327 | D:2      | Became a worshipper of Cheibriados the Contemplative
  1407 | D:2      | Found a transporter.
  1408 | D:2      | Found a transporter.
  1449 | D:2      | Found an ancient bone altar of Kikubaaqudgha.
  1452 | D:2      | Noticed Menkaure
  1460 | D:2      | Found a basalt altar of Yredelemnul.
  2000 | D:3      | Found a sparkling altar of Nemelex Xobeh.
  2003 | D:3      | Reached XP level 4. HP: 38/38 MP: 4/4
  2175 | D:3      | Reached skill level 5 in Long Blades
  2188 | D:3      | Reached XP level 5. HP: 45/45 MP: 5/5
  2264 | D:3      | Noticed Natasha
  2274 | D:3      | Killed Natasha
  2274 | D:3      | Reached * piety under Cheibriados
  2428 | D:3      | Noticed Natasha
  2439 | D:3      | Killed Natasha
  2464 | D:3      | Noticed Natasha
  2468 | D:3      | Killed Natasha
  2696 | D:3      | Noticed Grinder
  2696 | D:3      | Reached ** piety under Cheibriados
  2697 | D:3      | Reached XP level 6. HP: 51/52 MP: 6/6
  2700 | D:3      | Killed Grinder
  2700 | D:3      | Reached skill level 6 in Long Blades
  2718 | D:3      | Found a faded altar of an unknown god.
  2896 | D:3      | Your scales start taking on a dull iron-grey colour.
  2896 | D:3      | Reached XP level 7. HP: 24/60 MP: 7/7
  2896 | D:3      | Gained mutation: You can survive without breathing. [Grey Draconian growth]
  3087 | D:4      | Found a staircase to the Ecumenical Temple.
  3089 | D:4      | Noticed Blork the orc
  3099 | D:4      | Killed Blork the orc
  3099 | D:4      | Reached skill level 5 in Fighting
  3260 | D:4      | Noticed Robin
  3284 | D:4      | Killed Robin
  3314 | D:4      | Found a hide-covered altar of Uskayaw.
  3325 | D:4      | Reached *** piety under Cheibriados
  3325 | D:4      | Reached skill level 7 in Long Blades
  3357 | D:4      | Noticed a dagger
  3361 | D:4      | Noticed a dagger
  3807 | Temple   | Entered the Ecumenical Temple
  3821 | D:5      | Entered Level 5 of the Dungeon
  3884 | D:5      | Reached XP level 8. HP: 61/69 MP: 8/8
  4021 | D:5      | Reached **** piety under Cheibriados
  4064 | D:5      | Found an opulent altar of Gozag.
  4077 | D:5      | Reached skill level 8 in Long Blades
  4675 | D:6      | Found an opulent altar of Gozag.
  4687 | D:6      | Found a deep blue altar of Sif Muna.
  4695 | D:6      | Reached ***** piety under Cheibriados
  4707 | D:6      | Reached skill level 5 in Dodging
  4737 | D:6      | Noticed Duvessa
  4741 | D:6      | Noticed Dowan
  4745 | D:6      | Killed Duvessa
  4749 | D:6      | Killed Dowan
  4749 | D:6      | Reached skill level 9 in Long Blades
  4819 | D:6      | Found a hazy altar of Hepliaklqana.
  4845 | D:6      | Found a shattered altar of Ashenzari.
  4977 | D:6      | Reached XP level 9. HP: 78/78 MP: 9/9
  5418 | D:7      | Gained mutation: You possess an exceptional clarity of mind. [mutagenic meat]
  5422 | D:7      | Gained mutation: Your muscles are strong. (Str +2) [mutagenic meat]
  5423 | D:7      | Gained mutation: You have a pair of small horns on your head. [mutagenic meat]
  5616 | D:7      | Reached skill level 10 in Long Blades
  5812 | D:8      | Noticed a two-headed ogre
  6213 | D:8      | Noticed Pikel
  6480 | D:8      | Killed a two-headed ogre
  6501 | D:8      | Found a glowing golden altar of the Shining One.
  6502 | D:8      | Found a glowing silver altar of Zin.
  6504 | D:8      | Found a white marble altar of Elyvilon.
  6526 | D:8      | Reached XP level 10. HP: 81/88 MP: 10/10
  6678 | D:8      | Noticed a two-headed ogre
  6685 | D:8      | Killed a two-headed ogre
  6685 | D:8      | Reached skill level 11 in Long Blades
  6706 | D:8      | Found Zasijygeusk's Food Shop.
  6741 | D:8      | Killed Pikel
  6781 | D:8      | Gained mutation: Your tail ends in a poisonous barb. [mutagenic meat]
  7011 | D:10     | Entered Level 10 of the Dungeon
  7017 | D:10     | Reached ****** piety under Cheibriados
  7027 | D:10     | Reached skill level 12 in Long Blades
  7377 | D:10     | Found a staircase to the Orcish Mines.
  7471 | D:10     | Noticed a two-headed ogre
  7482 | D:10     | Killed a two-headed ogre
  7482 | D:10     | Reached XP level 11. HP: 33/96 MP: 4/11
  8378 | D:10     | Reached skill level 10 in Fighting
  8536 | D:11     | Noticed torrenera's ghost (journeyman DsMo)
  8571 | D:11     | Mangled by torrenera's ghost

Skill      XL: |  1  2  3  4  5  6  7  8  9 10 11 |
---------------+----------------------------------+-----
Fighting       | 3 4 5 6 8 9 10 | 10.1
Long Blades    | 4 5 6 7 9 10 12 | 12.8
Dodging        | 3 4 5 6 8 |  8.3
Throwing       | |  1.7

Action                   |  1- 3 |  4- 6 |  7- 9 | 10-12 || total
-------------------------+-------+-------+-------+-------++-------
Melee: Long sword        |   123 |    84 |   285 |   225 ||   717
       Tailslap          |     9 |    24 |    84 |    66 ||   183
       Headbutt          |       |       |    25 |   111 ||   136
  Use: Scroll            |    11 |       |     6 |     2 ||    19
       Potion            |       |     2 |     1 |     2 ||     5
 Stab: Sleeping          |     2 |       |     2 |     5 ||     9
       Distracted        |       |     1 |     2 |       ||     3
       Invisible         |       |       |       |     5 ||     5
  Eat: Chunk             |     1 |     2 |     4 |     2 ||     9
       Royal jelly       |     1 |       |     1 |       ||     2
       Fruit             |     1 |       |       |     3 ||     4
       Bread ration      |       |       |     2 |       ||     2
Armor: Skin              |    36 |    34 |   118 |    65 ||   253
Dodge: Dodged            |   106 |    87 |   271 |   251 ||   715
       Rpst.: Long sword |    41 |    29 |    82 |    77 ||   229
